 Dungeon Crawl Stone Soup version 0.22.1 (webtiles) character file.

42400 Merlin the Fencer (level 13, -8/117 (118) HPs)
             Began as a Grey Draconian Berserker on Sept 18, 2018.
             Was a High Priest of Trog.
             Mangled by an azure jelly (15 damage)
             ... on level 6 of the Lair of Beasts on Sept 19, 2018.
             The game lasted 01:23:15 (20895 turns).

Merlin the Fencer (Grey Draconian Berserker)       Turns: 20895, Time: 01:23:16

HP:   -8/117 (118)  AC: 18    Str: 21    XL:     13   Next: 85%
MP:   18/18         EV: 20    Int:  7    God:    Trog [*****.]
Gold: 1019          SH:  3    Dex: 15    Spells: 12/12 levels left

rFire    x . .     SeeInvis .   q - +4 great sword (freeze)
rCold    + . .     Gourm    .   (shield currently unavailable)
rNeg     . . .     Faith    .   (armour unavailable)
rPois    .         Spirit   .   (helmet restricted)
rElec    .         Reflect  +   K - +1 cloak
rCorr    .         Harm     .   (no gloves)
MR       .....                  G - +2 pair of boots
Stlth    +.........             J - +3 amulet of reflection
HPRegen  0.29/turn              M - +1 ring of evasion
MPRegen  0.16/turn              f - ring of ice

@: lethally poisoned (-8 -> -9), berserk cooldown, hasted and slowed
A: walk through water, unfitting armour, unbreathing, cold-blooded, AC +13
a: Berserk, Trog's Hand, Brothers in Arms, Renounce Religion


You were on level 6 of the Lair of Beasts.
You worshipped Trog.
Trog was extremely pleased with you.
You were not hungry.

You visited 2 branches of the dungeon, and saw 18 of its levels.
You also visited: Sewer.

You collected 1019 gold pieces.

Inventory:

Hand Weapons
 a - the +7 quarterstaff of True Grit {antimagic, rN+ MP-9 Dex+4 Stlth+}
   (You found it on level 6 of the Dungeon)

   It reduces the magical energy of the wielder, and disrupts the spells and
   magical abilities of those hit.
   Natural abilities and divine invocations are not affected.
   It affects your dexterity (+4).
   It protects you from negative energy.
   It affects your magic capacity (-9).
   It makes you more stealthy.
 q - a +4 great sword of freezing (weapon)
 y - a +1 shortbow of velocity
 C - a +0 long sword
 O - a +3 broad axe
 W - a +4 great sword of slicing
Armour
 G - a +2 pair of boots (worn)
 H - a +0 shield
 K - a +1 cloak (worn)
Jewellery
 f - a ring of ice (right hand)
 h - an uncursed amulet of guardian spirit
 t - an uncursed ring of resist corrosion
 E - an uncursed ring of positive energy
 J - a +3 amulet of reflection (around neck)
 M - a +1 ring of evasion (left hand)
 P - an uncursed amulet of the acrobat
Wands
 d - a wand of digging (11)
 v - a wand of polymorph (18)
 D - a wand of scattershot (14)
 F - a wand of disintegration (13)
 N - a wand of iceblast (16)
 S - a wand of paralysis (23)
 V - a wand of acid (4)
Scrolls
 c - 5 scrolls of identify
 i - 2 scrolls of fog
 j - 3 scrolls of immolation
 k - 6 scrolls of teleportation
 o - a scroll of magic mapping
 p - 3 scrolls of blinking
 r - 2 scrolls of enchant weapon
 A - 5 scrolls of remove curse
 B - a scroll of brand weapon
 T - 3 scrolls of fear
Potions
 e - a potion of mutation
 g - 3 potions of haste
 l - 4 potions of flight
 m - 10 potions of curing
 n - 2 potions of ambrosia
 s - 3 potions of magic
 u - 4 potions of lignification
 w - 6 potions of brilliance
 x - 3 potions of might
 z - 3 potions of agility
 L - a potion of heal wounds
 U - a potion of resistance
Miscellaneous
 I - a box of beasts
 Q - a fan of gales (inert)
 R - a phial of floods
Comestibles
 b - 26 rations


   Skills:
 + Level 12.1 Fighting
 * Level 15.0 Long Blades
 + Level 10.4 Dodging
 + Level 7.7 Shields
 + Level 7.9 Evocations


You had 12 spell levels left.
You didn't know any spells.
Your spell library was empty.

Dungeon Overview and Level Annotations

Branches:
Dungeon (12/15)            Temple (0/1) D:5            Lair (6/6) D:11
 Shoals (0/4) Lair:4        Snake (0/4) Lair:4        Slime (0/5) Lair:6
    Orc (0/2) D:12

Altars:
Cheibriados
Elyvilon
Nemelex Xobeh
Okawaru
Qazlal
Sif Muna
Xom
Yredelemnul
Jiyva

Shops:
D:6 =   D:10 (   D:12 *

Annotations:
Lair:1 exclusion: 2 oklob plants
Lair:5 1 runed door, Oddysee's ghost, journeyman TrMo


Innate Abilities, Weirdness & Mutations

You can walk through water.
Your dull iron-grey scales are very hard. (AC +13)
You cannot fit into any form of body armour.
You can survive without breathing.
You are cold-blooded and may be slowed by cold attacks.


Message History

You are exhausted.
You feel yourself slow down.
You feel sick.
You eat one of the 27 rations.
That ration really hit the spot!
You feel sick.
You start resting.
You feel sick. x6
An azure jelly comes into view.
The azure jelly moves out of view.
You feel sick.
The azure jelly quivers.
You see here a komodo dragon corpse.
Press: ? - help, v - describe, . - travel
Here: an azure jelly The floor.
You feel sick.
You feel sick.
You feel yourself speed up.
You feel sick.
The azure jelly jiggles.
The azure jelly hits you.
* * * LOW HITPOINT WARNING * * *
The azure jelly freezes you! You resist.
You die...

#P........#.....##
.....
#.............P##.....
#.....#..#.#......P.P
###...#####..........[
#....# #...††P##....
##...## ##..†........
#....# #....####.#.#
##...## #..J## ..
##.....# ##.@# #
##......## #...#
##........####..#
#......<.#(.P...#
######......P...##
#..#.#......#
##..#.......#
#.........##
#.#.......#


You could see an azure jelly.

Vanquished Creatures
  Rupert (Lair:6)
  2 hydras (Lair:5)
  A catoblepas (Lair:4)
  Urug (D:11)
  A two-headed ogre (D:8)
  7 death yaks (D:10)
  2 unseen horrors
  Pikel (D:7)
  A necromancer (Lair:5)
  2 ugly things (D:12)
  2 black mambas (Lair:6)
  4 torpor snails (Lair:3)
  A molten gargoyle (Lair:6)
  4 spiny frogs
  The ghost of Xerlanti the Covert, a novice SpEn of Dithmenos (D:7)
  A centaur skeleton (D:12)
  A gargoyle (D:11)
  A kobold demonologist (D:12)
  2 rime drakes
  An efreet (D:12)
  8 komodo dragons
  A freezing wraith (D:12)
  3 polar bears (Lair:6)
  2 trolls
  Grinder (D:3)
  15 blink frogs
  9 hippogriffs
  A snapping turtle (Lair:4)
  2 dream sheep (Lair:6)
  2 vampires
  A shadow (D:12)
  4 wyverns
  18 yaks
  Eustachio (D:4)
  4 hogs (D:8)
  A human (D:8)
  2 basilisks
  4 hungry ghosts
  3 nagas (Lair:4)
  6 porcupines
  11 water moccasins
  A soldier ant (D:12)
  Duvessa (D:4)
  A hell hound (Lair:6)
  A sky beast (D:5)
  5 orc warriors
  2 elephant zombies (Lair:5)
  2 ice beasts
  A slave (D:7)
  A black bear (D:10)
  7 wolves
  2 necrophages
  A phantom (D:8)
  5 ogres
  8 centaurs
  6 crocodiles
  3 big kobolds
  15 bullfrogs
  A wyvern zombie (D:9)
  A wyvern skeleton (D:11)
  2 scorpions
  Dowan (D:4)
  A troll zombie (D:12)
  12 wights
  6 killer bees
  8 electric eels
  A howler monkey (D:6)
  3 crimson imps
  3 hounds
  2 bullfrog zombies
  3 jellies
  14 orc wizards
  Crazy Yiuf (D:3)
  3 orc priests
  A basilisk zombie (Lair:5)
  2 bullfrog skeletons
  4 iguanas
  Natasha (thrice) (D:4)
  Ijyb (D:4)
  4 worker ants
  A killer bee zombie (D:8)
  5 ogre zombies (D:12)
  2 hound skeletons
  A mummy (D:4)
  A howler monkey skeleton (D:10)
  A worker ant zombie (D:5)
  6 gnolls
  14 adders
  A river rat (D:4)
  A shadow imp (D:5)
  2 adder zombies
  An adder skeleton (D:8)
  5 worms
  2 dart slugs
  6 leopard geckos
  77 orcs
  4 ball pythons
  A giant cockroach (D:4)
  8 goblins
  5 hobgoblins
  19 jackals
  6 quokkas
  5 bats
  5 frilled lizards
  3 goblin skeletons (D:12)
  3 hobgoblin zombies (D:12)
  16 kobolds
  2 leopard gecko skeletons
  An orc skeleton (D:12)
  12 orc zombies (D:12)
  10 rats
  A plant (Sewer)
502 creatures vanquished.

Vanquished Creatures (collateral kills)
  3 hydras
3 creatures vanquished.

Vanquished Creatures (others)
  A giant cockroach (D:7)
  5 fungi (Lair:6)
  14 plants
20 creatures vanquished.

Grand Total: 525 creatures vanquished

Notes
Turn   | Place    | Note
-------+----------+-------------------------------------------
     0 | D:1      | Merlin the Draconian Berserker began the quest for the Orb.
     0 | D:1      | Reached XP level 1. HP: 19/19 MP: 1/1
   168 | D:1      | Reached XP level 2. HP: 22/26 MP: 2/2
  1048 | D:2      | Reached XP level 3. HP: 31/33 MP: 3/3
  1077 | D:2      | Reached ** piety under Trog
  1773 | D:3      | Reached skill level 4 in Long Blades
  1803 | D:3      | Reached XP level 4. HP: 35/40 MP: 4/4
  2131 | D:3      | Reached XP level 5. HP: 38/46 MP: 3/5
  2280 | D:3      | Noticed Grinder
  2295 | D:3      | Killed Grinder
  2295 | D:3      | Reached skill level 5 in Long Blades
  2295 | D:3      | Reached XP level 6. HP: 47/55 MP: 4/6
  2951 | D:3      | Found a runed door.
  2955 | D:3      | Noticed Crazy Yiuf
  2957 | D:3      | Killed Crazy Yiuf
  3001 | D:4      | Found an iron altar of Okawaru.
  3017 | D:4      | Noticed Ijyb
  3034 | D:4      | Killed Ijyb
  3034 | D:4      | Reached skill level 5 in Fighting
  3222 | D:4      | Noticed Duvessa
  3224 | D:4      | Noticed Dowan
  3240 | D:4      | Killed Dowan
  3249 | D:4      | Killed Duvessa
  3249 | D:4      | Reached skill level 6 in Long Blades
  3249 | D:4      | Your scales start taking on a dull iron-grey colour.
  3249 | D:4      | Reached XP level 7. HP: 43/61 MP: 2/7
  3249 | D:4      | Gained mutation: You can survive without breathing. [Grey
                  | Draconian growth]
  3331 | D:4      | Noticed Natasha
  3342 | D:4      | Killed Natasha
  3547 | D:4      | Noticed Natasha
  3556 | D:4      | Killed Natasha
  3556 | D:4      | Reached *** piety under Trog
  3574 | D:4      | Noticed Eustachio
  3584 | D:4      | Killed Eustachio
  3627 | D:4      | Found a glowing drain.
  3631 | Sewer    | Entered a sewer
  3743 | Sewer    | Reached skill level 7 in Long Blades
  4495 | D:4      | Noticed Natasha
  4506 | D:4      | Killed Natasha
  4532 | D:5      | Entered Level 5 of the Dungeon
  4601 | D:5      | Reached skill level 5 in Dodging
  4601 | D:5      | Reached XP level 8. HP: 62/70 MP: 6/8
  4708 | D:5      | Found a staircase to the Ecumenical Temple.
  5149 | D:5      | Reached skill level 8 in Long Blades
  5301 | D:5      | Found a deep blue altar of Sif Muna.
  5860 | D:6      | Found a stormy altar of Qazlal.
  5890 | D:6      | Reached **** piety under Trog
  5901 | D:6      | Received a gift from Trog
  6525 | D:6      | Reached XP level 9. HP: 79/79 MP: 9/9
  6559 | D:6      | Found Nivic's Jewellery Shoppe.
  6561 | D:6      | Reached skill level 9 in Long Blades
  6578 | D:6      | Found a basalt altar of Yredelemnul.
  6699 | D:6      | Got a pitted quarterstaff
  6700 | D:6      | Identified the +7 quarterstaff of True Grit {antimagic, rN+
                  | MP-9 Dex+4 Stlth+} (You found it on level 6 of the Dungeon)
  7149 | D:7      | Found a runed gate.
  7149 | D:7      | Found a runed gate.
  7149 | D:7      | Found a runed gate.
  7149 | D:7      | Noticed Xerlanti's ghost (novice SpEn)
  7173 | D:7      | Noticed Pikel
  7208 | D:7      | Killed Pikel
  7246 | D:7      | Killed Xerlanti's ghost
  7246 | D:7      | Reached skill level 10 in Long Blades
  7527 | D:7      | Found a sparkling altar of Nemelex Xobeh.
  7631 | D:8      | Noticed a two-headed ogre
  7644 | D:8      | Killed a two-headed ogre
  8135 | D:8      | Reached XP level 10. HP: 84/90 MP: 10/10
  8291 | D:8      | Reached skill level 11 in Long Blades
  8525 | D:8      | Found a white marble altar of Elyvilon.
  8535 | D:8      | Reached skill level 1 in Evocations
  8886 | D:8      | Reached ***** piety under Trog
  9432 | D:10     | Entered Level 10 of the Dungeon
  9543 | D:10     | Found Evu Notu's Weapon Emporium.
  9582 | D:10     | Reached skill level 1 in Shields
  9961 | D:10     | Killed an unseen horror
 10385 | D:10     | Reached XP level 11. HP: 92/99 MP: 11/13
 10845 | D:11     | Noticed a death yak
 10845 | D:11     | Noticed a death yak
 10846 | D:11     | Noticed a death yak
 10848 | D:11     | Found a staircase to the Lair.
 10848 | D:11     | Noticed a death yak
 10848 | D:11     | Noticed a death yak
 10848 | D:11     | Noticed a death yak
 10848 | D:11     | Noticed a death yak
 10868 | D:10     | Killed a death yak
 10868 | D:10     | Reached skill level 12 in Long Blades
 10883 | D:10     | Killed a death yak
 11116 | D:10     | Killed a death yak
 11116 | D:10     | Reached skill level 10 in Fighting
 11451 | D:10     | Killed a death yak
 11462 | D:10     | Killed a death yak
 11634 | D:10     | Killed a death yak
 11754 | D:10     | Killed a death yak
 11939 | D:11     | Noticed Urug
 12449 | D:11     | Killed Urug
 12818 | D:12     | Found Oqoiwkof's General Store.
 12987 | D:12     | Received a gift from Trog
 13029 | D:12     | Reached skill level 5 in Evocations
 13056 | D:12     | Reached skill level 13 in Long Blades
 13056 | D:12     | Reached XP level 12. HP: 90/107 MP: 15/15
 13232 | D:12     | Reached ****** piety under Trog
 13425 | D:12     | Found a staircase to the Orcish Mines.
 13487 | D:12     | Reached skill level 5 in Shields
 13777 | D:12     | Received a gift from Trog
 14203 | Lair:1   | Entered Level 1 of the Lair of Beasts
 14266 | Lair:1   | Noticed a five-headed hydra
 14932 | Lair:1   | Found an iron altar of Okawaru.
 15103 | Lair:1   | Killed a five-headed hydra
 16367 | Lair:3   | Reached skill level 14 in Long Blades
 16782 | Lair:3   | Found a snail-covered altar of Cheibriados.
 16788 | Lair:3   | Reached XP level 13. HP: 107/115 MP: 16/18
 17074 | Lair:3   | Received a gift from Trog
 18096 | Lair:4   | Found a staircase to the Shoals.
 18279 | Lair:4   | Found a staircase to the Snake Pit.
 18588 | Lair:5   | Reached skill level 10 in Dodging
 19376 | Lair:5   | Found a runed door.
 19377 | Lair:5   | Found a shimmering altar of Xom.
 19377 | Lair:5   | Noticed Oddysee's ghost (journeyman TrMo)
 20095 | Lair:6   | Entered Level 6 of the Lair of Beasts
 20139 | Lair:6   | Noticed Rupert
 20158 | Lair:6   | Killed Rupert
 20590 | Lair:6   | Found a viscous altar of Jiyva.
 20591 | Lair:6   | Found a staircase to the Slime Pits.
 20795 | Lair:6   | Reached skill level 15 in Long Blades
 20890 | Lair:6   | Noticed an azure jelly
 20895 | Lair:6   | Mangled by an azure jelly

Skill      XL: |  1  2  3  4  5  6  7  8  9 10 11 12 13 |
---------------+----------------------------------------+-----
Dodging        | 3 4 5 6 7 8 9 10 | 10.4
Long Blades    | 4 5 6 7 8 10 11 13 14 15 | 15.0
Fighting       | 4 5 6 7 8 9 10 11 12 | 12.1
Evocations     | 3 5 6 7 |  7.9
Shields        | 2 4 6 7 |  7.7

Action                   |  1- 3 |  4- 6 |  7- 9 | 10-12 | 13-15 || total
-------------------------+-------+-------+-------+-------+-------++-------
Melee: Falchion          |   105 |    86 |   418 |       |       ||   609
       Tailslap          |    15 |    14 |   124 |   125 |    60 ||   338
       Unarmed           |       |     5 |       |       |       ||     5
       Long sword        |       |       |   160 |   124 |       ||   284
       Great sword       |       |       |       |   529 |   246 ||   775
Invok: Berserk           |       |     4 |     3 |     3 |     3 ||    13
       Trog's Hand       |       |     2 |     2 |       |     1 ||     5
       Brothers in Arms  |       |       |       |     1 |     3 ||     4
Evoke: Wand              |       |       |       |     3 |     3 ||     6
       Fan of gales      |       |       |       |       |     1 ||     1
  Use: Scroll            |       |     5 |    12 |    15 |     3 ||    35
       Potion            |       |     1 |     1 |     1 |     1 ||     4
 Stab: Sleeping          |     1 |     1 |     1 |     1 |     1 ||     5
  Eat: Chunk             |     3 |     7 |    12 |    15 |     7 ||    44
       Ration            |       |       |     3 |     5 |     4 ||    12
Armor: Skin              |    26 |    23 |   176 |   170 |    68 ||   463
Dodge: Dodged            |    66 |    74 |   368 |   474 |   238 ||  1220
Block: Shield            |       |       |       |     3 |       ||     3
       Other             |       |       |       |    39 |    18 ||    57
       Reflection        |       |       |       |     1 |       ||     1
       Rpst.: Falchion   |    15 |    23 |    94 |       |       ||   132
       Long sword        |       |       |    24 |    19 |       ||    43
       Great sword       |       |       |       |   105 |    42 ||   147
